 Dungeon Crawl Stone Soup version 0.17-a0-1397-g0eee0a3 (webtiles) character file.

127 ololoev the Cudgeler (level 4, -1/33 HPs)
             Began as a Mummy Skald on June 17, 2015.
             Slain by an adder (5 damage)
             ... on level 3 of the Dungeon.
             The game lasted 00:04:11 (2513 turns).

ololoev the Cudgeler (Mummy Skald)                  Turns: 2513, Time: 00:04:11

Health: -1/33      AC:  5    Str: 16    XL:     4   Next: 85%
Magic:  1/7        EV: 11    Int: 11    God:
Gold:   103        SH:  0    Dex: 11    Spells: 3 memorised, 1 level left

rFire  x . .     SeeInvis .     k - -2 whip (curse)
rCold  + . .     Clarity  .     b - +0 leather armour
rNeg   + + +     SustAt   .     (no shield)
rPois  ∞         Gourm    .     j - +0 helmet
rElec  .         Spirit   .     (no cloak)
rCorr  .         Warding  +     h - +0 pair of gloves
rMut   .         Stasis   .     (no boots)
MR     .....                    c - amulet of warding
Stlth  +.........               (no ring)
                                (no ring)

@: singing (expiring), very slightly contaminated, not resistant to hostile
enchantments, very unstealthy
A: no food or potions, fire vulnerability, cold resistance 1, negative energy
resistance 3, torment resistance, unbreathing
a: Stop Singing


Innate Abilities, Weirdness & Mutations

You do not eat or drink.
Your flesh is vulnerable to fire.
You are immune to poison.
Your flesh is cold resistant.
You are immune to negative energy.
You are immune to unholy pain and torment.
You can survive without breathing.

Inventory:

Hand weapons
 a - a +0 mace
 k - a cursed -2 whip (weapon)
Armour
 b - a +0 leather armour (worn)
 h - a +0 pair of gloves (worn)
 j - a +0 helmet (worn)
Jewellery
 c - an amulet of warding (around neck)
Scrolls
 d - a scroll of fog
 e - 2 scrolls of magic mapping
 f - a scroll of blinking


   Skills:
 - Level 2.0 Fighting
 * Level 4.0 Maces & Flails
 + Level 1.2 Armour
 - Level 0.7 Dodging
 - Level 2.0 Spellcasting
 - Level 2.4 Charms


You had one spell level left.
You knew the following spells:

 Your Spells              Type           Power        Failure   Level  Hunger
a - Infusion              Chrm           #.....       17%         1    N/A
b - Song of Slaying       Chrm           #.......     24%         2    N/A
c - Spectral Weapon       Hex/Chrm       #.......     73%         3    N/A


You were on level 3 of the Dungeon.
You were not hungry.

You visited 1 branch of the dungeon, and saw 3 of its levels.

You collected 103 gold pieces.

####......................
..........................
....$.?........ ..........
............... ..........
.....##.#.##.## #.......
..........##.# ##.......
#....##.#.##.#####........
.... ...#S#............###
#....##.#@...#####.....###
#... #.###.## #........
#.. #.# #.# #.....### .
#.# #!# #.....# #. #.#
#.....# #.# ####.## #.#
#.# #.# #.# #.# .#

Notes
Turn   | Place    | Note
--------------------------------------------------------------
     0 | D:1      | ololoev the Mummy Skald began the quest for the Orb.
     0 | D:1      | Reached XP level 1. HP: 16/16 MP: 3/3
   280 | D:1      | Reached XP level 2. HP: 12/22 MP: 5/5
  1128 | D:1      | Reached XP level 3. HP: 22/27 MP: 6/6
  1277 | D:2      | Reached skill level 3 in Maces & Flails
  1475 | D:2      | Reached XP level 4. HP: 9/33 MP: 3/7
  1483 | D:2      | Learned a level 2 spell: Song of Slaying
  1487 | D:2      | Learned a level 3 spell: Spectral Weapon
  2079 | D:2      | Reached skill level 4 in Maces & Flails
  2079 | D:2      | Reached skill level 1 in Armour
  2513 | D:3      | Slain by an adder

Dungeon Overview and Level Annotations

Branches:
Dungeon (3/15)

Altars:


Message History

You hit the giant cockroach.
You kill the giant cockroach!
Your magical infusion is running out.
You hit the kobold but do no damage. The kobold closely misses you.
You hit the kobold but do no damage. The kobold closely misses you.
You hit the kobold.
You kill the kobold!
You closely miss the adder.
The adder is moderately wounded.
The adder bites you.
You barely miss the adder.
The adder is moderately wounded.
The adder closely misses you.
You closely miss the adder.
The adder is moderately wounded.
The adder bites you. x2
You barely miss the adder.
The adder is moderately wounded.
You are no longer magically infusing your attacks.
The adder barely misses you.
You hit the adder but do no damage.
The adder is moderately wounded.
The adder bites you.
You miss the adder.
The adder is moderately wounded.
The adder closely misses you.
You miss the adder.
The adder is moderately wounded.
The adder bites you but does no damage.
You miss the adder.
The adder is moderately wounded.
The adder bites you.
You closely miss the adder.
The adder is moderately wounded.
Your song is almost over.
The adder bites you but does no damage.
You hit the adder but do no damage.
The adder is moderately wounded.
The adder bites you.
You die...

You could see an adder.

Vanquished Creatures
  6 adders (D:2)
  An ooze (D:1)
  2 worms
  A giant gecko (D:1)
  4 orcs
  2 ball pythons (D:1)
  5 bats
  3 giant cockroaches
  5 hobgoblins
  2 quokkas (D:2)
  4 giant newts
  5 goblins
  9 kobolds
  7 rats
56 creatures vanquished.

Vanquished Creatures (others)
  5 toadstools (D:1)
5 creatures vanquished.

Grand Total: 61 creatures vanquished

Action                   |  1- 3 |  4- 6 || total
-------------------------+-------+-------++-------
Melee: Mace              |   157 |    39 ||   196
       Whip              |       |    42 ||    42
 Cast: Infusion          |     1 |     4 ||     5
       Song of Slaying   |       |     3 ||     3
  Use: Scroll            |       |     5 ||     5

Vault maps used:
D:1:      ldierk_walled_garden
D:3:      minmay_liquid_box, uniq_iyjb
